 Dungeon Crawl Stone Soup version 0.21-a0-434-g806c6c2 (webtiles) character file.

74579 Laiders the Bludgeoner (level 15, -5/138 HPs)
             Began as a Minotaur Berserker on Nov 8, 2017.
             Was an Elder of Trog.
             Slain by a naga
             ... wielding a cursed -1 hand axe
              (6 damage)
             ... on level 2 of the Snake Pit.
             The game lasted 01:07:30 (21224 turns).

Laiders the Bludgeoner (Minotaur Berserker)        Turns: 21224, Time: 01:07:32

Health: -5/138     AC: 26    Str: 28    XL:     15   Next: 7%
Magic:  21/21      EV: 13    Int:  4    God:    Trog [****..]
Gold:   1731       SH:  4    Dex: 10    Spells: 14/14 levels left

rFire    . . .     SeeInvis .   d - +5 dire flail "Tokkag" {chaos, rPois}
rCold    . . .     Gourm    .   (shield currently unavailable)
rNeg     . . .     Faith    .   A - +1 plate armour
rPois    +         Spirit   .   O - +1 hat
rElec    .         Reflect  +   r - +0 cloak
rCorr    +         Harm     .   H - +2 pair of gloves
MR       ++...                  s - +1 pair of boots
Stlth    ..........             w - +4 amulet of reflection
HPRegen  0.33/turn              P - ring of protection from magic
MPRegen  0.17/turn              m - ring of resist corrosion

@: no status effects
A: retaliatory headbutt, horns 2
a: Berserk, Trog's Hand, Brothers in Arms, Burn Spellbooks, Renounce Religion


You were on level 2 of the Snake Pit.
You worshipped Trog.
Trog was greatly pleased with you.
You were not hungry.

You visited 3 branches of the dungeon, and saw 18 of its levels.

You collected 1731 gold pieces.

Inventory:

Hand Weapons
 d - the +5 dire flail "Tokkag" (weapon) {chaos, rPois}
   (You found it on level 10 of the Dungeon)

   Each time it hits an enemy it has a different, random effect.
   It protects you from poison.
 R - a +2 battleaxe of flaming
 S - a +6 great mace of venom
Armour
 r - a +0 cloak (worn)
 s - a +1 pair of boots (worn)
 A - a +1 plate armour (worn)
 H - a +2 pair of gloves (worn)
 O - a +1 hat (worn)
Jewellery
 e - an uncursed ring of flight
 m - a ring of resist corrosion (right hand)
 w - a +4 amulet of reflection (around neck)
 P - a ring of protection from magic (left hand)
 W - a +4 ring of evasion
Wands
 f - a wand of flame (23/48)
 j - a wand of polymorph (19/24)
 o - a wand of lightning (5/15)
 v - a wand of confusion (15/48)
 x - a wand of digging (8/24)
 B - a wand of iceblast (4/15)
 C - a wand of acid (5/15)
 Q - a wand of scattershot (5/9)
Scrolls
 h - 7 scrolls of magic mapping
 l - 9 scrolls of teleportation
 n - 5 scrolls of identify
 q - 3 scrolls of enchant weapon
 y - 3 scrolls of fear
 z - a scroll of noise {unknown}
 E - 7 scrolls of remove curse
 G - a scroll of vulnerability {unknown}
 I - 3 scrolls of fog {unknown}
 K - a scroll of holy word {unknown}
 L - 2 scrolls of recharging {unknown}
 N - a scroll of brand weapon {unknown}
 V - a scroll of torment {unknown}
Potions
 g - 2 potions of invisibility
 i - a potion of berserk rage
 k - 8 potions of curing
 p - 3 potions of cancellation
 u - a potion of flight
 D - a potion of lignification {unknown}
 F - 2 potions of haste {unknown}
 J - 2 potions of ambrosia
 M - a potion of brilliance {unknown}
 T - 2 potions of resistance
 U - a potion of agility
Comestibles
 a - 3 royal jellies
 b - 37 fruits
 c - 7 bread rations
 t - 9 meat rations


   Skills:
 + Level 14.0 Fighting
 - Level 16.0 Maces & Flails
 + Level 14.0 Armour
 + Level 13.4 Dodging
 - Level 10.0 Evocations


You had 14 spell levels left.
You didn't know any spells.

Dungeon Overview and Level Annotations

Branches:
Dungeon (10/15)            Temple (0/1) D:6            Lair (6/6) D:9
 Shoals (0/4) Lair:2        Snake (2/4) Lair:2          Orc (0/2) D:10
  Slime: Lair:5-6

Altars:
Ashenzari
Cheibriados
Dithmenos
Elyvilon
Fedhas
Gozag
Kikubaaqudgha
Qazlal
Sif Muna
Trog
Uskayaw
Vehumet
The Shining One

Shops:
D:8 *   D:10 (   Snake:2 (

Annotations:
Lair:5 exclusion: 2 oklob plants


Innate Abilities, Weirdness & Mutations

You reflexively headbutt those who attack you in melee.
You have a pair of horns on your head.


Message History

You escape the naga's grasp.
The salamander hits you from afar with a trident.
* * * LOW HITPOINT WARNING * * *
You are engulfed in flames!
* * * LOW HITPOINT WARNING * * *
The salamander hits you but does no damage. x2
You see here a black mamba corpse.
You fail to use your ability.
The salamander misses you. The salamander closely misses you.
You block the salamander's attack.
You fail to use your ability.
You block the salamander's attack.
The salamander hits you but does no damage.
The naga spits poison at you. The splash of poison misses you.
You fail to use your ability.
The salamander closely misses you.
The salamander hits you from afar with a spear.
* * * LOW HITPOINT WARNING * * *
You are engulfed in flames!
* * * LOW HITPOINT WARNING * * *
The naga hits you with an enchanted hand axe.
You die...

####################'############
####### ####.############ .......
#................ .......
#................ .......
#................ .......
#######.<...##.## .......
#######.....##'##
....).N##...........##..#
....))NN@...........##..#
...$..N##...........##..# ##⌠.⌠##
#########.####..# #.∩
########'###.... #.⌠
.........##..... #.
.........'...... #
.........##..... .........##.....
.........##/....


You could see 2 salamanders and 2 nagas.

Vanquished Creatures
  4 hydras
  3 naga warriors (Snake:1)
  6 anacondas
  A two-headed ogre (D:9)
  2 shock serpents
  A naga sharpshooter (Snake:2)
  The ghost of Soeti the Grappler, a novice VSFi of Cheibriados (Lair:1)
  2 salamander mystics
  The ghost of p0werm0de the Cleaver, a novice GrCK of Xom (D:9)
  2 naga ritualists
  4 mana vipers
  A deep elf mage (D:10)
  A manticore (Lair:5)
  4 elephants (Lair:5)
  2 guardian serpents (Snake:1)
  3 salamanders (Snake:1)
  13 black mambas
  A torpor snail (Lair:6)
  6 naga magi
  23 spiny frogs
  A centaur skeleton (D:8)
  2 rime drakes
  6 komodo dragons
  A merfolk (D:10)
  2 hornets
  39 blink frogs
  3 tyrant leeches (Lair:6)
  3 trolls
  7 hippogriffs
  A snapping turtle (Lair:2)
  53 yaks
  4 wyverns
  A fire bat (shapeshifter) (Lair:1)
  4 fire bats (D:10)
  A human (D:10)
  2 hungry ghosts
  Grum (D:8)
  4 basilisks
  5 vampire mosquitoes (Lair:6)
  A steam dragon (D:8)
  17 nagas
  2 two-headed ogre zombies (D:10)
  17 water moccasins
  A hell hound (D:10)
  6 porcupines
  3 ice beasts
  A black bear (D:7)
  2 orc warriors
  2 sky beasts
  A hornet zombie (D:9)
  A necrophage (D:10)
  A phantom (D:10)
  2 centaurs
  14 wolves
  8 ogres
  10 crocodiles
  A big kobold (D:8)
  25 bullfrogs
  A gnoll sergeant (D:10)
  3 scorpions
  6 killer bees (D:8)
  A troll zombie (D:10)
  3 electric eels
  3 crimson imps
  2 lava snakes (D:10)
  5 orc priests
  7 hounds
  5 jellies
  8 orc wizards
  Ijyb (D:4)
  Natasha (thrice) (D:2 D:3)
  Terence (D:2)
  10 worker ants
  4 hell rats (Lair:6)
  5 ogre zombies (D:10)
  A hound skeleton (D:6)
  A howler monkey zombie (D:7)
  2 worker ant zombies (D:5)
  7 gnolls
  10 adders
  A shadow imp (D:7)
  An ooze (D:4)
  4 worms
  2 dart slugs (D:2)
  4 leopard geckos
  20 orcs
  6 giant cockroaches
  6 hobgoblins
  18 jackals
  19 kobolds
  2 quokkas
  2 ball pythons
  A ball python skeleton (D:4)
  11 bats
  3 frilled lizards
  11 goblins
  A goblin skeleton (D:10)
  2 goblin zombies (D:10)
  A hobgoblin skeleton (D:10)
  4 hobgoblin zombies (D:10)
  A leopard gecko skeleton (D:6)
  4 orc skeletons (D:10)
  13 orc zombies (D:10)
  7 rats
  2 fire vortices (D:10)
  2 fungi (Lair:5)
  2 plants
575 creatures vanquished.

Vanquished Creatures (collateral kills)
  2 anacondas (Snake:1)
  2 naga warriors
  A shock serpent (Snake:1)
  A salamander (Snake:2)
  2 mana vipers (Snake:1)
  4 oklob plants (Lair:4)
  2 black mambas (Snake:1)
  A naga mage (Snake:2)
  3 spiny frogs (Lair:6)
  4 rime drakes (Lair:5)
  2 blink frogs
  4 hippogriffs (Lair:5)
  4 wyverns (Lair:5)
  3 basilisks (Lair:5)
  A vampire mosquito (Lair:6)
  3 nagas
  A crocodile (Lair:5)
  A bullfrog (Lair:6)
41 creatures vanquished.

Vanquished Creatures (others)
  An elephant (Lair:5)
  A naga mage (Snake:1)
  A hippogriff (Lair:1)
  2 bushes (Lair:6)
  A fire vortex (D:10)
  13 fungi
  48 plants
67 creatures vanquished.

Grand Total: 683 creatures vanquished

Notes
Turn   | Place    | Note
-------+----------+-------------------------------------------
     0 | D:1      | Laiders the Minotaur Berserker began the quest for the Orb.
     0 | D:1      | Reached XP level 1. HP: 19/19 MP: 0/0
    29 | D:1      | Reached skill level 4 in Maces & Flails
   121 | D:1      | Reached XP level 2. HP: 26/26 MP: 1/1
   463 | D:1      | Reached skill level 5 in Maces & Flails
   544 | D:2      | Noticed Natasha
   545 | D:2      | Reached XP level 3. HP: 31/31 MP: 2/2
   560 | D:2      | Killed Natasha
   692 | D:2      | Noticed Terence
   701 | D:2      | Killed Terence
   701 | D:2      | Reached ** piety under Trog
   701 | D:2      | Reached skill level 6 in Maces & Flails
   701 | D:2      | Reached XP level 4. HP: 29/39 MP: 3/3
  1129 | D:3      | Noticed Natasha
  1222 | D:3      | Found a bloodstained altar of Trog.
  1358 | D:3      | Reached XP level 5. HP: 45/45 MP: 4/4
  1361 | D:3      | Reached skill level 7 in Maces & Flails
  1584 | D:3      | Killed Natasha
  1584 | D:3      | Reached skill level 8 in Maces & Flails
  1702 | D:3      | Found a radiant altar of Vehumet.
  1813 | D:3      | Noticed Natasha
  1816 | D:3      | Killed Natasha
  1816 | D:3      | Reached XP level 6. HP: 51/51 MP: 5/5
  2007 | D:4      | Reached skill level 9 in Maces & Flails
  2028 | D:4      | Noticed Ijyb
  2038 | D:4      | Killed Ijyb
  2053 | D:4      | Found an opulent altar of Gozag.
  2084 | D:4      | Reached *** piety under Trog
  2307 | D:4      | Found an ancient bone altar of Kikubaaqudgha.
  2502 | D:4      | Found a glowing golden altar of the Shining One.
  2513 | D:4      | Reached XP level 7. HP: 57/57 MP: 6/6
  2745 | D:5      | Entered Level 5 of the Dungeon
  2854 | D:5      | Reached skill level 10 in Maces & Flails
  2866 | D:5      | Noticed a hippogriff
  2876 | D:5      | Killed a hippogriff
  2876 | D:5      | Reached skill level 11 in Maces & Flails
  2876 | D:5      | Reached XP level 8. HP: 45/64 MP: 7/7
  2983 | D:5      | Got a slimy scimitar
  2984 | D:5      | Identified the +6 scimitar "Sohets" {speed, +Fly rElec rC+} (You found it on level 5 of the Dungeon)
  3047 | D:5      | Reached skill level 12 in Maces & Flails
  3112 | D:5      | You fall through a shaft!
  3196 | D:6      | Found a staircase to the Ecumenical Temple.
  3466 | D:6      | Reached skill level 13 in Maces & Flails
  4144 | D:7      | Found Qoony's Gadget Boutique.
  4192 | D:7      | Reached XP level 9. HP: 61/70 MP: 8/8
  4302 | D:7      | Reached skill level 14 in Maces & Flails
  4676 | D:7      | Found a white marble altar of Elyvilon.
  4757 | D:7      | Found a shattered altar of Ashenzari.
  4951 | D:7      | Reached **** piety under Trog
  5089 | D:8      | Found a shadowy altar of Dithmenos.
  5201 | D:8      | Found a snail-covered altar of Cheibriados.
  5208 | D:8      | Found a deep blue altar of Sif Muna.
  5210 | D:8      | Found a hide-covered altar of Uskayaw.
  5322 | D:8      | Reached skill level 5 in Fighting
  5498 | D:8      | Found Xuytyiph's Assorted Antiques.
  5568 | D:8      | Reached skill level 5 in Armour
  5682 | D:8      | Reached skill level 5 in Dodging
  5812 | D:8      | Noticed Grum
  5825 | D:8      | Killed Grum
  5825 | D:8      | Reached XP level 10. HP: 82/84 MP: 9/9
  6107 | D:8      | Found a stormy altar of Qazlal.
  6107 | D:8      | Found a blossoming altar of Fedhas.
  6318 | D:9      | Noticed p0werm0de's ghost (novice GrCK)
  6550 | D:9      | Killed p0werm0de's ghost
  6582 | D:9      | Noticed a two-headed ogre
  6934 | D:9      | Killed a two-headed ogre
  7138 | D:9      | Found a staircase to the Lair.
  7229 | D:9      | Paralysed by a hornet for 3 turns
  7653 | D:10     | Entered Level 10 of the Dungeon
  7854 | D:10     | Found Qugg's Antique Weapon Shop.
  7988 | D:10     | Reached XP level 11. HP: 97/97 MP: 10/10
  8021 | D:10     | Reached ***** piety under Trog
  8097 | D:10     | Found a staircase to the Orcish Mines.
  8453 | D:10     | Noticed a deep elf mage
  8464 | D:10     | Killed a deep elf mage
  8887 | D:10     | Reached skill level 10 in Fighting
  9064 | D:10     | Got a bloodstained dire flail
  9065 | D:10     | Identified the +5 dire flail "Tokkag" {chaos, rPois} (You found it on level 10 of the Dungeon)
  9256 | Lair:1   | Entered Level 1 of the Lair of Beasts
  9349 | Lair:1   | Reached skill level 10 in Armour
  9586 | Lair:1   | Reached skill level 10 in Dodging
  9619 | Lair:1   | Reached skill level 15 in Maces & Flails
 10075 | Lair:1   | Noticed Soeti's ghost (novice VSFi)
 10085 | Lair:1   | Killed Soeti's ghost
 10173 | Lair:2   | Reached XP level 12. HP: 64/106 MP: 11/11
 10190 | Lair:2   | Reached skill level 16 in Maces & Flails
 10338 | Lair:2   | Reached skill level 1 in Evocations
 10701 | Lair:2   | Found a staircase to the Snake Pit.
 10765 | Lair:2   | Received a gift from Trog
 10968 | Lair:2   | Found a staircase to the Shoals.
 11492 | Lair:2   | Noticed a four-headed hydra
 11497 | Lair:2   | Killed a four-headed hydra
 11497 | Lair:2   | Reached skill level 5 in Evocations
 12918 | Lair:4   | Noticed a four-headed hydra
 12927 | Lair:4   | Killed a four-headed hydra
 13301 | Lair:4   | Reached XP level 13. HP: 113/113 MP: 18/18
 13932 | Lair:5   | Received a gift from Trog
 13986 | Lair:5   | Reached skill level 10 in Evocations
 15555 | Lair:6   | Entered Level 6 of the Lair of Beasts
 15909 | Lair:6   | Reached XP level 14. HP: 50/125 MP: 20/20
 15915 | Lair:6   | Received a gift from Trog
 17646 | Snake:1  | Entered Level 1 of the Snake Pit
 18156 | Snake:1  | HP: 5/127 [anaconda (2)]
 19324 | Snake:1  | HP: 2/129 [black mamba (9)]
 20883 | Snake:2  | Reached XP level 15. HP: 123/137 MP: 21/21
 21184 | Snake:2  | Found Ifeinkam's Antique Weapon Shoppe.
 21224 | Snake:2  | HP: 1/138 [salamander/spear (14)]
 21224 | Snake:2  | Slain by a naga

Vault maps used:
D:1:      minmay_arrival_plants_in_alcoves, st_stairs_3
D:2:      first_bread, uniq_terence, uniq_natasha
D:3:      bloody_trog, lemuel_coloured_pillars_altar
D:4:      lemuel_round_altar, kennysheep_little_box, kennysheep_mini_moat,
          uniq_ijyb
D:5:      cheibrodos_fzero
D:6:      minmay_temple_entry_trees
D:7:      old_standard_altar, old_standard_altar, serial_shops,
          nicolae_shop_stone
D:8:      grunt_temple_overflow_forces_of_nature, grunt_dithmenos_smoke,
          nicolae_overflow_hidden_temple, serial_shops, shop, uniq_grum
D:9:      lair_entry_dummy
D:10:     zombieorc2_lemuel, serial_shops, shop, hangedman_stone_soup,
          hangedman_incinerator
Lair:1:   lemuel_fruit_tree
Lair:2:   minmay_shoals_entry_hut, guppyfry_snake_entry_island
Lair:4:   minmay_stone_trees_medium, minmay_lair_oklob_chamber,
          serial_bayou_shore_a
Lair:5:   minmay_slime_entry_oklob_enclosed, special_room, grunt_megastairs_1,
          lemuel_fruit_fields
Lair:6:   minmay_lair_end_frog_pond, serial_bayou_shore_b,
          infiniplex_staircase_pool_2
Snake:2:  serial_shops, nicolae_shop_window_shopping, shop_fountains

Skill      XL: |  1  2  3  4  5  6  7  8  9 10 11 12 13 14 15 |
---------------+----------------------------------------------+-----
Maces & Flails | 4 5 6 8 9 11 13 14 15 16 | 16.0
Fighting       | 6 9 10 11 13 14 | 14.0
Armour         | 6 8 10 12 13 14 | 14.0
Dodging        | 5 8 10 11 13 | 13.4
Evocations     | 9 10 | 10.0

Action                   |  1- 3 |  4- 6 |  7- 9 | 10-12 | 13-15 || total
-------------------------+-------+-------+-------+-------+-------++-------
Melee: Mace              |    48 |   135 |       |       |       ||   183
       Headbutt          |     3 |    21 |    58 |   140 |   123 ||   345
       Flail             |       |    75 |   275 |   281 |       ||   631
       Dire flail        |       |       |       |   374 |   562 ||   936
       Morningstar       |       |       |       |    41 |       ||    41
       Battleaxe         |       |       |       |       |    68 ||    68
       Great mace        |       |       |       |       |     7 ||     7
Invok: Berserk           |     1 |     3 |     3 |     5 |     2 ||    14
       Trog's Hand       |       |     3 |     3 |     6 |     8 ||    20
       Brothers in Arms  |       |       |       |       |    14 ||    14
       Burn Spellbooks   |       |       |       |       |     4 ||     4
Evoke: Wand              |       |       |       |       |     5 ||     5
  Use: Scroll            |       |     9 |     6 |     8 |     2 ||    25
       Potion            |       |       |     1 |     1 |     4 ||     6
 Stab: Paralysed         |       |       |       |     2 |     3 ||     5
       Confused          |       |       |       |       |     3 ||     3
  Eat: Chunk             |       |    10 |    17 |    26 |    21 ||    74
       Royal jelly       |       |       |       |     2 |     2 ||     4
       Fruit             |       |       |       |     2 |     2 ||     4
       Meat ration       |       |       |       |       |     1 ||     1
       Bread ration      |       |       |       |       |     1 ||     1
Armor: Animal skin       |    11 |       |       |       |       ||    11
       Ring mail         |    12 |       |       |       |       ||    12
       Chain mail        |       |   163 |    29 |       |       ||   192
       Plate armour      |       |       |   118 |   474 |   455 ||  1047
Dodge: Dodged            |    48 |   107 |    88 |   370 |   414 ||  1027
Block: Other             |       |       |    46 |   116 |    92 ||   254
       Reflection        |       |       |       |     1 |     2 ||     3

Table legend:
 A = Spawn XP
 B = Non-spawn XP
 C = Spawn XP percentage of total XP
 D = Spawn monster count
 E = Non-spawn monster count
 F = Spawn count percentage of total count
 G = Total turns spent on level
                    A         B        C        D         E        F      G
               +---------+---------+-------+---------+---------+-------+---------
         Total |       0 |  106542 |   0.0 |       0 |     613 |   0.0 | 21224
               +---------+---------+-------+---------+---------+-------+---------
           D:1 |       0 |      37 |   0.0 |       0 |      22 |   0.0 |   519
           D:2 |       0 |     123 |   0.0 |       0 |      24 |   0.0 |   562
           D:3 |       0 |     238 |   0.0 |       0 |      41 |   0.0 |   825
           D:4 |       0 |     360 |   0.0 |       0 |      20 |   0.0 |   839
           D:5 |       0 |    1011 |   0.0 |       0 |      18 |   0.0 |   500
           D:6 |       0 |     784 |   0.0 |       0 |      15 |   0.0 |   888
           D:7 |       0 |    1013 |   0.0 |       0 |      18 |   0.0 |   956
           D:8 |       0 |    3233 |   0.0 |       0 |      44 |   0.0 |  1772
           D:9 |       0 |    3261 |   0.0 |       0 |      23 |   0.0 |   810
          D:10 |       0 |    5015 |   0.0 |       0 |      62 |   0.0 |  1585
        Lair:1 |       0 |    6044 |   0.0 |       0 |      27 |   0.0 |   891
        Lair:2 |       0 |    7287 |   0.0 |       0 |      30 |   0.0 |  1474
        Lair:3 |       0 |    5473 |   0.0 |       0 |      29 |   0.0 |  1143
        Lair:4 |       0 |    6140 |   0.0 |       0 |      25 |   0.0 |  1203
        Lair:5 |       0 |   15828 |   0.0 |       0 |      66 |   0.0 |  1649
        Lair:6 |       0 |   18004 |   0.0 |       0 |      78 |   0.0 |  2030
       Snake:1 |       0 |   21729 |   0.0 |       0 |      48 |   0.0 |  2499
       Snake:2 |       0 |   10962 |   0.0 |       0 |      23 |   0.0 |  1079
               +---------+---------+-------+---------+---------+-------+---------
